 Dungeon Crawl Stone Soup version 0.30-a0-972-gf3ab3527aa (webtiles) character file.

Game seed: 6099106687494166774

15028 Demosthentine the Protected (level 11, -6/75 (81) HPs)
             Began as a Demonspawn Gladiator on Mar 31, 2023.
             Was a Priest of Hepliaklqana.
             Killed from afar by a necromancer (36 damage)
             ... with a bolt of negative energy
             ... in an ice cave.
             The game lasted 00:13:57 (9660 turns).

Demosthentine the Protected (Demonspawn Gladiator)  Turns: 9660, Time: 00:13:57

HP:   -6/75 (81)    AC: 10    Str: 22    XL:     11   Next: 96%
MP:   11/11         EV: 17    Int:  9    God:    Hepliaklqana [***...]
Gold: 778           SH:  6    Dex: 17    Spells: 10/10 levels left

rFire   . . .      SeeInvis .    D - +2 trident (flame)
rCold   + + +      Faith    .    (no shield)
rNeg    . . .      Spirit   .    z - +2 troll leather armour
rPois   +          Reflect  .    (helmet restricted)
rElec   +          Rampage  .    (no cloak)
rCorr   .                        o - +1 pair of gloves "Wigil" {rElec rF- rC+++ Str+5}
Will    .....                    (no boots)
Stlth   +                        (no amulet)
HPRegen 1.12/turn                C - ring of protection from fire
MPRegen 0.12/turn                v - ring of poison resistance

@: drained
A: reduced essence, hooves 1, large bone plates 2, ignite blood 2, demonic magic
1, horns 1, mutation resistance 1
a: Renounce Religion, Recall Ancestor, Ancestor Identity, Transference


You were in an ice cave.
You worshipped Hepliaklqana.
Hepliaklqana was most pleased with you.
You visited 2 branches of the dungeon, and saw 12 of its levels.
You also visited: Ice Cave.

You collected 778 gold pieces.

Inventory:

Hand Weapons
 D - a +2 trident of flaming (weapon)
Missiles
 d - a throwing net
 e - 5 javelins (quivered)
Armour
 c - a +0 helmet
 o - the +1 pair of gloves "Wigil" (worn) {rElec rF- rC+++ Str+5}
   (You found it on level 2 of the Dungeon)

   Str:       It affects your strength (+5).
   rF:        It makes you vulnerable to fire.
   rC:        It renders you almost immune to cold.
   rElec:     It insulates you from electricity.
 z - a +2 troll leather armour (worn)
 F - a +2 buckler of cold resistance
Jewellery
 b - a ring of ice
 h - a ring of protection from cold
 s - a ring of protection from cold
 v - a ring of poison resistance (right hand)
 C - a ring of protection from fire (left hand)
Wands
 a - a wand of iceblast (7)
 E - a wand of mindburst (13)
Scrolls
 g - 5 scrolls of teleportation
 i - 6 scrolls of amnesia
 k - 3 scrolls of enchant weapon
 l - a scroll of brand weapon {unknown}
 w - a scroll of butterflies
 y - a scroll of fear
Potions
 f - a potion of flight
 j - a potion of haste
 m - a potion of berserk rage
 n - 2 potions of resistance {unknown}
 p - 4 potions of curing
 q - a potion of heal wounds
 r - a potion of attraction
 t - a potion of might {unknown}
 u - 2 potions of cancellation {unknown}
 x - 3 potions of lignification {unknown}
 A - a potion of invisibility {unknown}
 B - a potion of degeneration {unknown}


   Skills:
 + Level 10.0 Fighting
 + Level 9.4 Polearms
 - Level 1.7 Throwing
 + Level 11.9 Armour
 + Level 9.4 Dodging
 + Level 2.2 Shields


You had 10 spell levels left.
You didn't know any spells.
Your spell library contained the following spells:

 Spells                   Type           Power      Damage    Failure   Level
 Necrotise                Necr           0%         1d4       41%         1
 Cigotuvi's Dreadful Rot  Necr/Pois/Air  0%         N/A       56%         2
 Sublimation of Blood     Necr           0%         N/A       56%         2
 Summon Guardian Golem    Hex/Summ       0%         N/A       80%         3
 Anguish                  Hex/Necr       0%         N/A       99%         4
 Dispel Undead            Necr           0%         3d6       99%         4
 Petrify                  Tmut/Erth      0%         N/A       99%         4
 Irradiate                Conj/Tmut      0%         3d11      100%        5
 Death Channel            Necr           0%         N/A       100%        6
 Orb of Destruction       Conj           0%         9d5       100%        7
 Spellforged Servitor     Conj/Summ      0%         N/A       100%        7


Dungeon Overview and Level Annotations

Branches:
Dungeon (11/15)            Temple (1/1) D:7            Lair (0/5) D:9
  IceCv (1/1)
    Orc: D:9-12

Altars:
Ashenzari
Cheibriados
Dithmenos
Fedhas
Gozag
Hepliaklqana
Kikubaaqudgha
Makhleb
Nemelex Xobeh
Okawaru
Qazlal
Ru
Sif Muna
Trog
Uskayaw
Vehumet
Wu Jian
Xom
Yredelemnul
Ignis
Jiyva
Lugonu

Shops:
D:11 :(

Annotations:
D:5 2 transporters, 3 runed translucent doors, DeathPants's ghost, novice VSSu
D:10 2 transporters, grumposus's ghost, journeyman VSBr


Innate Abilities, Weirdness & Mutations

Your life essence is reduced to manifest your ancestor. (-10% HP)
You have large cloven feet.
You are mostly covered in large bone plates. (SH +6)
Your demonic aura often causes spilled blood to erupt in flames.
Spells you cast may paralyse adjacent enemies.
You have a pair of small horns on your head.
You are somewhat resistant to further mutation.


Message History

The necromancer binds the souls of nearby monsters.
The ice devil misses you.
You puncture the ice devil! You burn the ice devil. You headbutt the ice devil!
The ice devil is heavily wounded.
The ice devil hits you! The ice devil freezes you. You resist.
You hit the ice devil. You burn the ice devil.
You kick the ice devil, but do no damage.
You headbutt the ice devil, but do no damage.
The ice devil is heavily wounded.
The ice devil barely misses you.
You hit the ice devil. You burn the ice devil.
Your headbutt misses the ice devil.
The ice devil is heavily wounded.
You hit the ice devil but do no damage. Your kick misses the ice devil.
The ice devil is heavily wounded.
The ice devil hits you. The ice devil freezes you. You resist.
You closely miss the ice devil.
You kick the ice devil, but do no damage.
The ice devil is heavily wounded.
The ice devil hits you. The ice devil freezes you. You resist.
You barely miss the ice devil. Your kick misses the ice devil.
Your headbutt misses the ice devil.
The ice devil is heavily wounded.
The ice devil closely misses you.
You barely miss the ice devil.
You kick the ice devil, but do no damage.
The ice devil is heavily wounded.
The ice devil hits you but does no damage.
You hit the ice devil. You burn the ice devil.
You headbutt the ice devil, but do no damage.
The ice devil is severely wounded.
The ice devil hits you. The ice devil freezes you. You resist.
You puncture the ice devil! You burn the ice devil.
You kick the ice devil, but do no damage.
The ice devil is almost dead.
You puncture the ice devil! You burn the ice devil.
You kill the ice devil!
The necromancer casts a spell at you. The bolt of negative energy hits you!!!
You feel drained.
You die...

#### ##.## ###### #####
p...######p...#####
##...##
#.#...##....#4....###
##..∩..##
#####p..4#####..#p..#
#.......# .## ##.###
####..## #...∩...# ..##
### ##.@### ##.....##
...# ###...### ##...##
...# ####.......##
#...## #...#
#...........# ##...#
#..## #[..........#
##...#
..#########8........#
##...## .###...##
##........## #...##
###.†...###.....###..##
#..##
#..###..#..########..#
##..##


You could see a necromancer.

Vanquished Creatures
  A boulder beetle (D:10)
  2 ugly things (IceCv)
  2 cyclopes
  An ice statue (IceCv)
  Maggie (D:6)
  2 anaconda simulacra (IceCv)
  12 ice devils
  A troll (D:11)
  3 freezing wraiths (IceCv)
  Prince Ribbit (D:7)
  A hornet (D:10)
  A shadow (D:10)
  A dire elephant simulacrum (IceCv)
  9 yaks
  A wyvern (D:9)
  A basilisk (D:9)
  3 death yak simulacra (IceCv)
  A harpy simulacrum (IceCv)
  An acid dragon (D:9)
  A water moccasin (D:6)
  2 hydra simulacra (IceCv)
  7 orc warriors
  3 sky beasts
  4 black bears
  2 ice beasts (D:6)
  An ogre (D:5)
  2 centaurs (D:9)
  3 kobold brigands
  2 bullfrogs
  A gnoll sergeant (D:7)
  2 cane toad simulacra (IceCv)
  4 scorpions
  3 wights (D:8)
  3 elephant simulacra (IceCv)
  2 howler monkeys
  2 electric eels (D:8)
  7 hounds
  2 jellies
  3 orc priests
  An iguana (D:5)
  2 orc wizards (D:10)
  6 polar bear simulacra (IceCv)
  A spriggan simulacrum (IceCv)
  3 wolf simulacra (IceCv)
  8 adders
  3 gnolls (D:7)
  A shadow imp (D:6)
  3 white imps
  2 ufetubi
  2 worms (D:2)
  3 dart slugs
  43 orcs
  5 bats
  13 endoplasms
  6 giant cockroaches
  5 goblins
  5 hobgoblins
  7 jackals (D:5)
  6 quokkas
  3 ball pythons
  5 frilled lizards
  19 kobolds
  5 rats
258 creatures vanquished.

Vanquished Creatures (collateral kills)
  2 ice devils
  A vampire (D:10)
  A yak (D:10)
  A wraith (D:10)
  A death yak simulacrum (IceCv)
  An acid dragon (D:9)
  2 centaurs
  A two-headed ogre simulacrum (IceCv)
  A wolf simulacrum (IceCv)
  A naga simulacrum (IceCv)
  An ufetubus (IceCv)
  An orc (D:10)
  A kobold (D:9)
15 creatures vanquished.

Vanquished Creatures (others)
  An ancestor (D:9)
  11 hexers
12 creatures vanquished.

Grand Total: 285 creatures vanquished

Notes
Turn   | Place    | Note
-------+----------+-------------------------------------------
     0 | D:1      | Demosthentine the Demonspawn Gladiator began the quest for
                  | the Orb.
     0 | D:1      | Reached XP level 1. HP: 16/16 MP: 1/1
   192 | D:1      | Gained mutation: You have large cloven feet. [demonic
                  | ancestry]
   192 | D:1      | Reached XP level 2. HP: 22/22 MP: 2/2
   761 | D:1      | Found a faded altar of an unknown god.
  1049 | D:2      | Reached skill level 1 in Armour
  1124 | D:2      | Gained mutation: Spells you cast may paralyse adjacent
                  | enemies. [demonic ancestry]
  1124 | D:2      | Reached XP level 3. HP: 25/28 MP: 3/3
  1145 | D:2      | Got the Catalogue of Sciomancy
  1649 | D:2      | Reached XP level 4. HP: 34/34 MP: 4/4
  1661 | D:2      | Identified the +1 pair of gloves "Wigil" {rElec rF- rC+++
                  | Str+5}
  2171 | D:3      | Identified the +0 chain mail of Twilight {rElec Stlth+}
  2404 | D:3      | Identified a scroll of acquirement
  2404 | D:3      | Acquired a manual of Armour
  2537 | D:4      | Noticed a scorpion
  2551 | D:4      | Killed a scorpion
  2552 | D:4      | Reached skill level 2 in Armour
  2552 | D:4      | Gained mutation: You are partially covered in large bone
                  | plates. (SH +4) [demonic ancestry]
  2552 | D:4      | Reached XP level 5. HP: 31/41 MP: 5/5
  2857 | D:4      | Identified the +5 mace of Paorph {venom, Dex+4}
  3106 | D:5      | Entered Level 5 of the Dungeon
  3131 | D:5      | Noticed an ogre
  3163 | D:5      | Killed an ogre
  3164 | D:5      | Reached skill level 3 in Armour
  3164 | D:5      | Gained mutation: Your demonic aura sometimes causes spilled
                  | blood to erupt in flames. [demonic ancestry]
  3164 | D:5      | Reached XP level 6. HP: 40/48 MP: 6/6
  3307 | D:5      | Found a transporter.
  3405 | D:5      | Found a transporter.
  3505 | D:5      | Found a runed translucent gate.
  3505 | D:5      | Found a runed translucent gate.
  3505 | D:5      | Found a runed translucent gate.
  3542 | D:5      | Noticed an ice beast
  3560 | D:5      | Reached skill level 4 in Armour
  3560 | D:5      | Gained mutation: You are mostly covered in large bone
                  | plates. (SH +6) [demonic ancestry]
  3560 | D:5      | Reached XP level 7. HP: 54/54 MP: 7/7
  3562 | D:5      | Noticed DeathPants's ghost (novice VSSu)
  3858 | D:6      | Noticed Maggie
  3872 | D:6      | Killed Maggie
  3873 | D:6      | Reached skill level 5 in Armour
  3977 | D:6      | Reached skill level 5 in Polearms
  3977 | D:6      | Reached skill level 5 in Dodging
  3977 | D:6      | Reached XP level 8. HP: 56/61 MP: 8/8
  4018 | D:6      | Reached skill level 5 in Fighting
  4110 | D:6      | Reached skill level 6 in Armour
  4515 | D:6      | Identified the +2 robe of Grottiness {Harm rC++ Str+4
                  | Int-4}
  4907 | D:7      | Noticed Prince Ribbit
  4934 | D:7      | Reached skill level 7 in Armour
  4934 | D:7      | Gained mutation: You have supernaturally acute eyesight.
                  | (SInv) [potion of mutation]
  4934 | D:7      | Gained mutation: You have a pair of small antennae on your
                  | head. [potion of mutation]
  4942 | D:7      | Reached XP level 9. HP: 11/69 MP: 9/9
  4965 | D:7      | Killed Prince Ribbit
  5154 | D:7      | Reached skill level 8 in Armour
  5194 | D:7      | Found a staircase to the Ecumenical Temple.
  5234 | Temple   | Entered the Ecumenical Temple
  5314 | Temple   | Became a worshipper of Hepliaklqana the Forgotten
  6417 | D:8      | Reached * piety under Hepliaklqana
  6833 | D:9      | Reached skill level 9 in Armour
  6910 | D:9      | Found a staircase to the Lair.
  6916 | D:9      | Gained mutation: Your demonic aura often causes spilled
                  | blood to erupt in flames. [demonic ancestry]
  6916 | D:9      | Reached XP level 10. HP: 62/71 MP: 10/10
  7324 | D:9      | Reached ** piety under Hepliaklqana
  7325 | D:9      | Remembered your ancestor Agathocles as a hexer
  7638 | D:10     | Entered Level 10 of the Dungeon
  7733 | D:10     | Noticed a two-headed ogre
  7734 | D:10     | Noticed a deep elf archer
  7734 | D:10     | Noticed grumposus's ghost (journeyman VSBr)
  7735 | D:10     | Found a transporter.
  7778 | D:10     | Found a transporter.
  7853 | D:10     | Reached skill level 10 in Armour
  8047 | D:10     | Noticed a boulder beetle
  8083 | D:10     | Killed a boulder beetle
  8223 | D:10     | Noticed a cyclops
  8231 | D:10     | Killed a cyclops
  8486 | D:10     | Lost mutation: You have a pair of small antennae on your
                  | head. [potion of mutation]
  8486 | D:10     | Lost mutation: You have supernaturally acute eyesight.
                  | (SInv) [potion of mutation]
  8486 | D:10     | Gained mutation: Your spells are a little harder to cast,
                  | but a little more powerful. [potion of mutation]
  8486 | D:10     | Gained mutation: You have a pair of small horns on your
                  | head. [potion of mutation]
  8487 | D:10     | Lost mutation: Your spells are a little harder to cast, but
                  | a little more powerful. [potion of mutation]
  8487 | D:10     | Lost mutation: You have a pair of small horns on your head.
                  | [potion of mutation]
  8487 | D:10     | Gained mutation: You have a pair of small horns on your
                  | head. [potion of mutation]
  8487 | D:10     | Gained mutation: You are somewhat resistant to further
                  | mutation. [potion of mutation]
  8506 | D:11     | Reached XP level 11. HP: 78/78 MP: 11/11
  8533 | D:11     | Found Hihyfub's Weapon Emporium.
  8584 | D:11     | Found Piunuumo's Book Shop.
  8609 | D:11     | Found a frozen archway.
  8618 | D:11     | Reached skill level 11 in Armour
  8633 | IceCv    | Entered an ice cave
  8917 | IceCv    | Noticed a white ugly thing
  8923 | IceCv    | Killed a white ugly thing
  9037 | IceCv    | Found an ancient bone altar of Kikubaaqudgha.
  9037 | IceCv    | Noticed a white ugly thing
  9250 | IceCv    | Reached *** piety under Hepliaklqana
  9390 | IceCv    | Reached skill level 1 in Shields
  9396 | IceCv    | Killed a white ugly thing
  9579 | IceCv    | Reached skill level 10 in Fighting
  9600 | IceCv    | Noticed a necromancer
  9660 | IceCv    | Killed from afar by a necromancer

Illustrated notes

Levels and vault maps discovered:
D:1:      denvon_arrival_waterhouse, layout_loops_ring,
          shapermc_ecumenical_altar_mp_vishouse, chequers_serial_rivers_micro_a,
          minmay_liquid_box, serial_bayou_crossing
D:2:      layout_loops_corners, minmay_pentomino_w2
D:3:      layout_rooms, chequers_serial_rivers_micro_e
D:4:      corexii_shack_village, layout_loops_ring,
          nicolae_elevator_lobby_asterisk
D:5:      gammafunk_steamed_eel, layout_rooms, gammafunk_ghost_icy
D:6:      minmay_inner_zag, layout_basic, uniq_maggie
D:7:      layout_basic, minmay_temple_entry_statues_pillars,
          roderic_roman_lattice, grunt_ministairs_2, uniq_prince_ribbit1
D:8:      layout_gridville, kennysheep_flooded_box, chequers_garden
D:9:      layout_gridville, david_lair_generic, special_room [special_room_orc]
D:10:     layout_irregular_city, gammafunk_ghost_arena
D:11:     layout_roguey, hiddenorc2_lemuel, portal_ice_cave_demonic_guard,
          serial_shops, shop_statue, nicolae_shop_stone, nicolae_shop_stone,
          nicolae_shop_stone
Temple:   hellmonk_choose_your_character
IceCv:    ice_cave_small_necro

Skill      XL: |  1  2  3  4  5  6  7  8  9 10 11 |
---------------+----------------------------------+-----
Polearms       | 3 4 5 6 7 8 9 |  9.4
Dodging        | 3 4 5 6 7 8 9 |  9.4
Armour         | 1 2 3 4 5 7 9 10 11 | 11.9
Fighting       | 3 4 6 7 8 10 | 10.0
Shields        | 2 |  2.2
Throwing       | |  1.7

Action                     |  1- 3 |  4- 6 |  7- 9 | 10-12 || total
---------------------------+-------+-------+-------+-------++-------
  Melee: Trident           |    96 |   168 |   305 |   483 ||  1052
         Kick              |     7 |    30 |    91 |   174 ||   302
         Punch             |     2 |     1 |     2 |     4 ||     9
         Headbutt          |       |       |       |    78 ||    78
  Throw: Throwing net      |       |     1 |     1 |     4 ||     6
         Javelin           |       |       |       |     5 ||     5
 Invoke: Ancestor Life: He |       |       |       |     1 ||     1
    Use: Scroll            |     4 |     8 |     7 |     3 ||    22
         Potion            |       |       |     4 |     3 ||     7
   Stab: Sleeping          |     6 |     3 |     1 |       ||    10
         Distracted        |       |       |       |     3 ||     3
         Confused          |       |       |       |     2 ||     2
 Armour: Leather armour    |    14 |    29 |     3 |       ||    46
         Steam dragon scal |       |       |    22 |       ||    22
         Troll leather arm |       |       |    31 |    91 ||   122
  Dodge: Dodged            |    38 |    65 |   143 |   249 ||   495
  Block: Other             |       |    10 |    67 |    86 ||   163

Table legend: (Time is in decaauts)
 A = Elapsed time spent in this place.
 B = Non-inter-level travel time spent in this place.
 C = Inter-level travel time spent in this place.
 D = Time resting spent in this place.
 E = Time spent auto-exploring this place.
 F = Levels seen in this place.
 G = Mean time per level.
                   A        B        C        D        E       F      G
               +--------+--------+--------+--------+--------+-----+--------+
         Total |   9664 |   9377 |    287 |    456 |   6748 |  13 |  743.4 |
       Dungeon |   8567 |   8318 |    249 |    241 |   6408 |  11 |  778.8 |
        Temple |     92 |     55 |     37 |      0 |     25 |   1 |   92.0 |
      Ice Cave |   1004 |   1004 |      0 |    215 |    315 |   1 | 1004.0 |
               +--------+--------+--------+--------+--------+-----+--------+

Top non-repeatable levels by time:
     D:6: 1025 daAuts
     D:8: 1014 daAuts
   IceCv: 1004 daAuts
     D:2: 957 daAuts
     D:1: 941 daAuts
     D:9: 870 daAuts
    D:10: 850 daAuts
     D:7: 776 daAuts
     D:5: 750 daAuts
     D:4: 676 daAuts
     D:3: 566 daAuts
    D:11: 138 daAuts
  Temple: 92 daAuts
